 Dungeon Crawl Stone Soup version 0.24-a0-309-g1095bca (webtiles) character file.

Game seed: 2734185797904286929

13549 galech the Cleaver (level 11, -3/129 HPs)
             Began as a Demonspawn Fighter on May 14, 2019.
             Was a High Priest of Okawaru.
             Slain by Donald
             ... wielding a +0 double sword
              (4 damage)
             ... on level 2 of the Orcish Mines.
             The game lasted 00:20:54 (14026 turns).

galech the Cleaver (Demonspawn Fighter)            Turns: 14026, Time: 00:20:55

Health: -3/129     AC: 25    Str: 19 (22) XL:     11   Next: 77%
Magic:  0/20       EV:  2    Int:  9 (10) God:    Okawaru [*****.]
Gold:   705        SH: 11    Dex: 15      Spells: 10/10 levels left

rFire    + . .     SeeInvis .   a - +0 war axe
rCold    . . .     Gourm    .   O - +0 shield {reflect}
rNeg     + + +     Faith    .   (armour currently unavailable)
rPois    +         Spirit   +   (helmet currently unavailable)
rElec    .         Reflect  +   (cloak currently unavailable)
rCorr    .         Harm     .   (gloves currently unavailable)
MR       .....     NoTele   +   (boots currently unavailable)
Stlth    ++........             (no amulet)
HPRegen  0.31/turn              p - ring of magical power
MPRegen  0.34/turn              x - ring of protection from fire

@: mighty, tree-form, berserk cooldown, very slightly contaminated, hasted and
slowed, studying Polearms, lightly drained, invisible
A: powered by pain 2, magic shield, magic regeneration, magic link
a: Heroism, Finesse, Renounce Religion


You were on level 2 of the Orcish Mines.
You worshipped Okawaru.
Okawaru was extremely pleased with you.
You were not hungry.
You were a tree.
You visited 3 branches of the dungeon, and saw 13 of its levels.
You also visited: Ossuary.

You collected 1035 gold pieces.
You spent 330 gold pieces at shops.

Inventory:

Hand Weapons
 a - a +0 war axe (weapon)
 U - a +0 hand axe of flaming
Armour
 e - a -1 pair of gloves (melded)
 q - the +2 ring mail of Dishonesty {+Fly Int+4 Dex+2}
   (You found it on level 10 of the Dungeon)

   It affects your intelligence (+4).
   It affects your dexterity (+2).
   It lets you fly.
 F - a +0 cloak (melded)
 J - a +0 plate armour (melded)
 N - a +0 helmet of see invisible (melded)
 O - a +0 shield of reflection (worn)
 Q - the +4 ring mail of Beovviwn {rC+ Int+4 Dex-5}
   (You found it on level 9 of the Dungeon)

   It affects your intelligence (+4).
   It affects your dexterity (-5).
   It protects you from cold.
 V - the +1 large shield "Qoyqauf" {Regen+ Str+5}
   (Okawaru gifted it to you on level 10 of the Dungeon)

   It affects your strength (+5).
   It increases your rate of regeneration.
Jewellery
 n - an uncursed ring of ice
 o - an uncursed ring of fire
 p - a ring of magical power (left branch)
 x - a ring of protection from fire (right branch)
 H - an uncursed ring of see invisible
Wands
 y - a wand of disintegration (6)
 z - a wand of flame (11)
 K - a wand of clouds (12)
 M - a wand of random effects (34)
Scrolls
 b - 3 scrolls of enchant weapon
 c - a scroll of immolation {unknown}
 g - 4 scrolls of fear
 h - 4 scrolls of blinking
 j - 4 scrolls of noise
 k - 2 scrolls of teleportation
 r - 5 scrolls of amnesia
 u - a scroll of remove curse
 w - 3 scrolls of fog
 D - 5 scrolls of identify
 E - 2 scrolls of magic mapping {unknown}
 G - a scroll of enchant armour {unknown}
 I - a scroll of random uselessness {unknown}
 P - a scroll of torment {unknown}
Potions
 d - 2 potions of might
 i - 3 potions of brilliance
 m - 2 potions of cancellation
 t - 3 potions of degeneration
 A - 2 potions of agility
 B - a potion of ambrosia
 R - a potion of berserk rage
Books
 L - a manual of Polearms
Comestibles
 f - 18 rations
 l - 4 chunks of flesh


   Skills:
 + Level 8.3(8.2) Fighting
 + Level 11.3 Axes
 + Level 8.4(8.3) Armour
 + Level 2.4 Dodging
 + Level 1.0(0.9) Stealth
 + Level 8.3(8.2) Shields
 + Level 0.8 Invocations


You had 10 spell levels left.
You didn't know any spells.
Your spell library contained the following spells:

 Spells                   Type           Power        Failure   Level  Hunger
 Sandblast                Erth           #.....       67%         1    ##.....
 Passwall                 Tmut/Erth      #.......     82%         2    ###....
 Stone Arrow              Conj/Erth      #.....       96%         3    ####...
 Petrify                  Tmut/Erth      #.......     100%        4    #####..
 Bolt of Magma            Conj/Fire/Erth #.........   100%        5    ######.
 Iskenderun's Battlesphe  Conj/Chrm      #.......     100%        5    ######.
 Lee's Rapid Deconstruct  Erth           #.........   100%        5    ######.
 Venom Bolt               Conj/Pois      #.........   100%        5    ######.
 Iron Shot                Conj/Erth      #.........   100%        6    #######
 Orb of Destruction       Conj           #.........   100%        7    #######
 Spellforged Servitor     Conj/Summ      #.........   100%        7    #######


Dungeon Overview and Level Annotations

Branches:
Dungeon (10/15)            Temple (1/1) D:5            Lair (0/6) D:9
    Orc (2/2) D:9
    Elf: Orc:2

Altars:
Makhleb
Nemelex Xobeh
Okawaru
Qazlal
Ru
Trog
Xom
Yredelemnul
The Shining One
Beogh

Shops:
D:6 [   D:7 :   Orc:1 (

Annotations:
Orc:2 Donald


Innate Abilities, Weirdness & Mutations

((You have hoof-like feet.))
((You are mostly covered in icy blue scales. (AC +3)))
You sometimes gain power by taking damage.
When hurt, damage is shared between your health and your magic reserves.
You regenerate magic rapidly.
When low on magic, you restore magic in place of health.


Message History

Okawaru accepts your kill.
Donald shouts!
Donald shouts!
You feel a strong urge to attack something.
Donald shouts!
You cannot move.
You cannot move.
You feel your anger nearly subside.
You are no longer berserk.
You are exhausted.
You feel yourself slow down.
Donald shouts!
There are monsters nearby!
Donald says, "At least there's gold.
That doesn't make up for it."
It was a potion of haste.
You feel yourself speed up.
Donald mumbles some strange words.
Donald seems to speed up.
Donald hits you with a +0 double sword.
Donald says, "I ran into an orc.
He called himself a warlord, and I asked what war?"
Donald hits you with a +0 double sword!
You die...

..........#
..........#
..........#
..........#
..........#
..........#
..#....)).#
.#....[)).#
......)♣..#
......)@)<#
........o.#
..........#
..........#
..........#
..........#
......#$..#
...##...#


You could see Donald and an orc.

Vanquished Creatures
  Harold (D:9)
  2 two-headed ogres
  Sonja (Orc:1)
  Pikel (D:5)
  An orc sorcerer (Orc:2)
  Joseph (D:9)
  Maurice (D:8)
  2 centaur skeletons (D:10)
  Psyche (D:9)
  A gargoyle (D:10)
  A troll (Orc:2)
  Prince Ribbit (D:6)
  2 hippogriffs
  A vampire (D:9)
  Eustachio (D:6)
  Menkaure (D:4)
  3 water moccasins
  2 porcupines (D:9)
  An eye of draining (D:10)
  14 orc warriors
  2 ice beasts
  3 sky beasts
  A black bear (D:9)
  14 ogres
  2 phantoms
  2 big kobolds (D:10)
  Blork the orc (D:5)
  8 bullfrogs
  A wyvern skeleton (D:10)
  2 scorpions (D:10)
  A water moccasin skeleton (D:9)
  6 wights (D:8)
  6 killer bees (D:10)
  4 howler monkeys
  2 centaur zombies
  A crimson imp (D:5)
  8 hounds
  A quasit (D:7)
  A bullfrog zombie (D:8)
  A gnoll shaman (D:9)
  7 jellies
  8 orc priests
  10 orc wizards
  2 iguanas (D:9)
  Ijyb (D:4)
  8 worker ants
  A big kobold zombie (Ossuary)
  8 mummies (Ossuary)
  2 worker ant zombies
  Robin (D:3)
  8 gnolls
  16 adders
  4 shadow imps
  6 oozes
  3 worms
  5 dart slugs
  5 leopard geckos
  60 orcs
  3 ball pythons
  7 bats
  6 giant cockroaches
  2 gnoll zombies (Ossuary)
  13 goblins
  14 hobgoblins
  11 jackals
  15 kobolds
  5 quokkas
  6 frilled lizards
  3 hobgoblin zombies (Ossuary)
  A kobold zombie (Ossuary)
  An orc zombie (Ossuary)
  A quokka zombie (D:9)
  6 rats
355 creatures vanquished.

Vanquished Creatures (others)
  2 slaves (D:6)
  2 centaurs (D:6)
  3 jackals (D:6)
7 creatures vanquished.

Grand Total: 362 creatures vanquished

Notes
Turn   | Place    | Note
-------+----------+-------------------------------------------
     0 | D:1      | galech the Demonspawn Fighter began the quest for the Orb.
     0 | D:1      | Reached XP level 1. HP: 18/18 MP: 1/1
    79 | D:1      | Gained mutation: You sometimes gain a little power by
                  | taking damage. [demonic ancestry]
    79 | D:1      | Reached XP level 2. HP: 16/24 MP: 2/2
   248 | D:1      | Reached skill level 2 in Axes
   736 | D:2      | Gained mutation: You are partially covered in icy blue
                  | scales. (AC +2) [demonic ancestry]
   736 | D:2      | Reached XP level 3. HP: 28/29 MP: 3/3
   767 | D:2      | Found an iron altar of Okawaru.
   799 | D:2      | Became a worshipper of Warmaster Okawaru
  1365 | D:3      | Gained mutation: You have large cloven feet. [demonic
                  | ancestry]
  1365 | D:3      | Reached XP level 4. HP: 34/35 MP: 4/4
  1417 | D:3      | Reached skill level 3 in Axes
  1595 | D:3      | Noticed Robin
  1608 | D:3      | Killed Robin
  1775 | D:3      | Found a faded altar of an unknown god.
  1820 | D:3      | Gained mutation: You sometimes gain power by taking damage.
                  | [demonic ancestry]
  1820 | D:3      | Reached XP level 5. HP: 42/42 MP: 5/5
  2170 | D:4      | Noticed Ijyb
  2185 | D:4      | Killed Ijyb
  2459 | D:4      | Found a sand-covered staircase.
  2465 | Ossuary  | Entered an ossuary
  2500 | Ossuary  | HP: 2/42 [mummy (9)]
  2501 | Ossuary  | Gained mutation: When hurt, damage is shared between your
                  | health and your magic reserves. [demonic ancestry]
  2501 | Ossuary  | Reached XP level 6. HP: 3/48 MP: 6/6
  2809 | Ossuary  | Reached * piety under Okawaru
  2822 | Ossuary  | Reached skill level 4 in Axes
  3215 | D:4      | Gained mutation: You have hoof-like feet. [demonic
                  | ancestry]
  3215 | D:4      | Reached XP level 7. HP: 12/55 MP: 3/7
  3541 | D:4      | Noticed Menkaure
  3554 | D:4      | Killed Menkaure
  3554 | D:4      | Reached skill level 5 in Fighting
  3554 | D:4      | Reached skill level 5 in Axes
  3554 | D:4      | Reached skill level 1 in Dodging
  3763 | D:4      | Found a sacrificial altar of Ru.
  3810 | D:4      | Reached ** piety under Okawaru
  4084 | D:5      | Entered Level 5 of the Dungeon
  4232 | D:5      | Noticed Blork the orc
  4302 | D:5      | Found a staircase to the Ecumenical Temple.
  4365 | Temple   | Entered the Ecumenical Temple
  4411 | D:5      | Gained mutation: You regenerate magic rapidly. [demonic
                  | ancestry]
  4411 | D:5      | Reached XP level 8. HP: 44/63 MP: 8/8
  4909 | D:5      | Reached skill level 6 in Axes
  5012 | D:5      | Reached *** piety under Okawaru
  5445 | D:5      | Killed Blork the orc
  5486 | D:6      | Noticed Prince Ribbit
  5565 | D:6      | Reached skill level 5 in Armour
  6043 | D:6      | Reached skill level 5 in Shields
  6060 | D:6      | Noticed Pikel
  6112 | D:5      | Killed Pikel
  6112 | D:5      | Reached **** piety under Okawaru
  6112 | D:5      | Reached skill level 7 in Axes
  6112 | D:5      | Gained mutation: When low on magic, you restore magic in
                  | place of health. [demonic ancestry]
  6112 | D:5      | Reached XP level 9. HP: 32/69 MP: 9/9
  6792 | D:6      | Killed Prince Ribbit
  6923 | D:6      | Noticed Eustachio
  6951 | D:6      | Killed Eustachio
  6959 | D:6      | Found Amumaki's Antique Armour Emporium.
  6989 | D:6      | Bought a shiny helmet for 165 gold pieces
  6989 | D:6      | Bought a glowing shield for 165 gold pieces
  7189 | D:7      | Reached ***** piety under Okawaru
  7199 | D:7      | Reached skill level 8 in Axes
  7581 | D:7      | Found Teats's Book Emporium.
  7730 | D:7      | Found a burning altar of Makhleb.
  7737 | D:7      | Found a glowing golden altar of the Shining One.
  8131 | D:8      | Noticed Maurice
  8146 | D:9      | Gained mutation: You are mostly covered in icy blue scales.
                  | (AC +3) [demonic ancestry]
  8146 | D:9      | Reached XP level 10. HP: 39/77 MP: 10/10
  8586 | D:8      | Killed Maurice
  8586 | D:8      | Reached skill level 9 in Axes
  8930 | D:8      | Noticed a two-headed ogre
  8938 | D:8      | Killed a two-headed ogre
  8938 | D:8      | Received a gift from Okawaru
  9232 | D:8      | Found a shimmering altar of Xom.
  9461 | D:9      | Noticed a two-headed ogre
  9466 | D:9      | Noticed Harold
  9474 | D:9      | Killed a two-headed ogre
  9743 | D:9      | Killed Harold
  9743 | D:9      | Reached skill level 10 in Axes
  9844 | D:9      | Found a sparkling altar of Nemelex Xobeh.
 10297 | D:9      | Got a steaming ring mail
 10328 | D:9      | Reached XP level 11. HP: 73/84 MP: 11/11
 10342 | D:9      | Identified the +4 ring mail of Beovviwn {rC+ Int+4 Dex-5}
                  | (You found it on level 9 of the Dungeon)
 10370 | D:9      | Found a staircase to the Orcish Mines.
 10687 | D:9      | Found a stormy altar of Qazlal.
 10727 | D:9      | Noticed Psyche
 10737 | D:9      | Killed Psyche
 11322 | D:9      | Found a staircase to the Lair.
 11419 | D:9      | Noticed Joseph
 11438 | D:9      | Killed Joseph
 11438 | D:9      | Reached skill level 1 in Stealth
 11439 | D:9      | Found a roughly hewn altar of Beogh.
 11889 | D:10     | Entered Level 10 of the Dungeon
 11901 | D:10     | Received a gift from Okawaru
 12450 | D:10     | Reached skill level 11 in Axes
 12812 | D:10     | Received a gift from Okawaru
 12833 | D:10     | Got a bloodstained large shield {god gift}
 12844 | D:10     | Identified the +1 large shield "Qoyqauf" {Regen+ Str+5}
                  | (Okawaru gifted it to you on level 10 of the Dungeon)
 12854 | D:10     | Got a jewelled ring mail
 12906 | D:10     | Identified the +2 ring mail of Dishonesty {+Fly Int+4
                  | Dex+2} (You found it on level 10 of the Dungeon)
 13254 | Orc:1    | Entered Level 1 of the Orcish Mines
 13254 | Orc:1    | Found Puza's Antique Weapon Emporium.
 13255 | Orc:1    | Noticed Sonja
 13257 | Orc:1    | Paralysed by Sonja for 6 turns
 13505 | Orc:1    | Paralysed by Sonja for 4 turns
 13512 | Orc:1    | Killed Sonja
 13958 | Orc:2    | Entered Level 2 of the Orcish Mines
 13980 | Orc:2    | Noticed an orc sorcerer
 13993 | Orc:2    | Killed an orc sorcerer
 13998 | Orc:2    | HP: 2/86 [troll (4)]
 14010 | Orc:2    | HP: 1/129 [orc wizard/puff of frost (1)]
 14016 | Orc:2    | Noticed Donald
 14026 | Orc:2    | Slain by Donald

Levels and vault maps discovered:
D:1:      dpeg_arrival_court, layout_basic, minmay_crystal_room
D:2:      layout_basic, corexii_leaking_fountain, okawaru_metal_pillars_3
D:3:      layout_loops_cross, chequers_ecumenical_altar_lobes, uniq_robin
D:4:      kennysheep_spiral_hall, layout_basic, nicolae_ru_path_of_blood,
          nicolae_ossuary_entry_plus, uniq_menkaure, uniq_ijyb
D:5:      layout_basic, temple_fountains, first_ration, roderic_roman_lattice,
          uniq_blork_the_orc
D:6:      layout_loops_ring, serial_shops, shop_statue, minmay_manual_mares,
          uniq_pikel, uniq_eustachio, uniq_prince_ribbit1
D:7:      layout_loops_corners, amethyst_overflow_temple_binary, serial_shops,
          shop
D:8:      minmay_clustersquares, layout_cave_pools,
          hangedman_little_slice_of_home, tgw_xom, uniq_maurice
D:9:      layout_long_grid, nicolae_qazlal_style_of_elements,
          nemelex_xobeh_ov_fountains_minmay, grunt_lair_entry_orc_guard_hut,
          david_orc_3, special_room [special_room_orc], uniq_harold,
          uniq_psyche, uniq_joseph
D:10:     minmay_bubble_buster, layout_basic, grunt_decor_mini_mirrors,
          grunt_ministairs_3
Temple:   minmay_crystal_spiral_temple
Orc:1:    layout_caves, serial_shops, shop, uniq_nergalle, uniq_sonja
Orc:2:    st_orc_elflike, layout_caves, serial_shops, nicolae_shop_stone,
          uniq_donald, uniq_azrael

Skill      XL: |  1  2  3  4  5  6  7  8  9 10 11 |
---------------+----------------------------------+-----
Shields        | 3 4 5 6 7 8 |  8.3
Axes           | 2 3 4 5 7 8 10 11 | 11.3
Armour         | 3 4 5 6 7 8 |  8.4
Fighting       | 4 5 6 7 8 |  8.3
Dodging        | 1 2 |  2.4
Stealth        | 1 |  1.0
Invocations    | |  0.8

Action                   |  1- 3 |  4- 6 |  7- 9 | 10-12 || total
-------------------------+-------+-------+-------+-------++-------
Melee: War axe           |    99 |   158 |   370 |   693 ||  1320
       Kick              |       |    50 |   117 |   224 ||   391
Invok: Heroism           |       |       |       |    12 ||    12
  Use: Scroll            |       |    11 |     1 |       ||    12
       Potion            |       |     1 |     4 |    14 ||    19
 Stab: Invisible         |       |       |       |     2 ||     2
  Eat: Chunk             |     2 |     5 |    15 |    15 ||    37
       Ration            |       |       |     1 |     1 ||     2
Armor: Scale mail        |    35 |       |       |       ||    35
       Chain mail        |    15 |   105 |   111 |       ||   231
       Plate armour      |       |       |   110 |   331 ||   441
       Skin              |       |       |       |     1 ||     1
Dodge: Dodged            |    38 |    43 |    80 |   119 ||   280
Block: Shield            |    87 |    79 |   209 |   363 ||   738
       Reflection        |       |       |       |    13 ||    13
       Large shield      |       |       |       |    24 ||    24

Table legend:
 A = Non-vault XP
 B = Vault XP
 C = Vault XP percentage of total XP
 D = Non-vault monster count
 E = Vault monster count
 F = Vault count percentage of total count
                 A         B        C        D         E       F
            +---------+---------+-------+---------+---------+-------
      Total |   10634 |    8722 |  45.1 |     242 |     113 |  31.8
            +---------+---------+-------+---------+---------+-------
        D:1 |      30 |       0 |   0.0 |      15 |       0 |   0.0
        D:2 |      60 |       0 |   0.0 |      22 |       0 |   0.0
        D:3 |     109 |      36 |  24.8 |      31 |      11 |  26.2
        D:4 |     548 |     212 |  27.9 |      16 |       4 |  20.0
        D:5 |     802 |     716 |  47.2 |      19 |       2 |   9.5
        D:6 |     682 |     473 |  41.0 |      19 |       2 |   9.5
        D:7 |     979 |       0 |   0.0 |      11 |       0 |   0.0
        D:8 |    1010 |    2155 |  68.1 |      16 |      25 |  61.0
        D:9 |    2125 |    3294 |  60.8 |      26 |      39 |  60.0
       D:10 |    2393 |    1256 |  34.4 |      40 |      13 |  24.5
      Orc:1 |     198 |     398 |  66.8 |       4 |       1 |  20.0
      Orc:2 |    1698 |       0 |   0.0 |      23 |       0 |   0.0
    Ossuary |       0 |     182 | 100.0 |       0 |      16 | 100.0
            +---------+---------+-------+---------+---------+-------
